 Dungeon Crawl Stone Soup version 0.31.0-32-g396128a36d (webtiles) character file.

Game seed: 3810195563376247956

3 PaiMei the Grave Robber (level 1, 0/13 HPs)
             Began as a Demonspawn Necromancer on Apr 24, 2024.
             Frozen to death by an endoplasm (3 damage)
             ... on level 1 of the Dungeon.
             The game lasted 00:00:54 (379 turns).

PaiMei the Grave Robber (Demonspawn Necromancer)     Turns: 379, Time: 00:00:55

Health: 0/13       AC:  3    Str:  8    XL:     1   Next: 41%
Magic:  0/3        EV: 12    Int: 15    God:
Gold:   10         SH:  0    Dex: 13    Spells: 3/4 levels left

rFire   . . .        d - +0 club
rCold   . . .        (no shield)
rNeg    . . .        a - +0 robe
rPois   .            (no helmet)
rElec   .            c - +0 cloak
rCorr   .            (no gloves)
SInv    .            (no boots)
Will    .....        (no amulet)
Stlth   ++           (no ring)
HPRegen 0.22/turn    (no ring)
MPRegen 0.08/turn

%: no passive effects
@: no status effects
A: no striking features
a: no special abilities


You were on level 1 of the Dungeon.
You visited 1 branch of the dungeon, and saw 1 of its levels.

You collected 10 gold pieces.

Inventory:

Hand Weapons
 d - a +0 club (weapon)
Armour
 a - a +0 robe (worn)
 c - a +0 cloak (worn)
Scrolls
 e - a scroll of identify {unknown}
Potions
 b - a potion of magic


   Skills:
 + Level 1.8 Dodging
 + Level 1.9 Stealth
 + Level 2.0 Spellcasting
 + Level 4.4 Necromancy


You had 3 spell levels left.
You knew the following spells:

 Your Spells              Type           Power      Damage    Failure   Level
a - Necrotise             Necr           56%        1d6       3%          1

Your spell library contained the following spells:

 Spells                   Type           Power      Damage    Failure   Level
 Vampiric Draining        Necr           14%        2d7       11%         3
 Animate Dead             Necr           14%        N/A       34%         4
 Curse of Agony           Necr           14%        N/A       69%         5


Dungeon Overview and Level Annotations

Branches:
Dungeon (1/15)

Altars:


Message History

The endoplasm writhes in agony.
Casting: Necrotise (safe; 3% risk of failure)
Confirm with . or Enter, or press ? or * to list all spells.
Aiming: Necrotise (safe; 3% risk of failure)
Press: ? - help, Shift-Dir - straight line, f/p - endoplasm
Aim: an endoplasm (moderately wounded, chance to affect: 84%)
The endoplasm barely resists.
Casting: Necrotise (safe; 3% risk of failure)
Confirm with . or Enter, or press ? or * to list all spells.
Aiming: Necrotise (safe; 3% risk of failure)
Press: ? - help, Shift-Dir - straight line, f/p - endoplasm
Aim: an endoplasm (moderately wounded, chance to affect: 84%)
The endoplasm writhes in agony.
Casting: Necrotise (safe; 3% risk of failure)
Confirm with . or Enter, or press ? or * to list all spells.
You don't have enough magic to cast this spell.
Casting: Necrotise (safe; 3% risk of failure)
Confirm with . or Enter, or press ? or * to list all spells.
You don't have enough magic to cast this spell.
You barely miss the endoplasm.
The endoplasm is heavily wounded.
The endoplasm hits you.
You barely miss the endoplasm.
The endoplasm is heavily wounded.
The endoplasm misses you. x2
You hit the endoplasm but do no damage.
The endoplasm is heavily wounded.
The endoplasm barely misses you.
You hit the endoplasm but do no damage.
The endoplasm is heavily wounded.
The endoplasm freezes you.
You are frozen.
You hit the endoplasm but do no damage.
The endoplasm is heavily wounded.
The endoplasm freezes you.
You are frozen.
* * * LOW HITPOINT WARNING * * *
The endoplasm freezes you.
You are frozen.
You die...

...........
......... ........
#...... #.....♣
#..... #.....♣♣♣P♣.
+..... #...J.......
#..... #...@.♣
#..... ..#####.♣♣♣♣
#..... ...........#
#....(
#..........###
#.....
#............#
#.....
♣♣.♣.........#
###.## ♣.
♣.........# #.# .
♣..........# #.#
♣........#########.#


You could see an endoplasm.

Vanquished Creatures
  A goblin (D:1)
  A bat (D:1)
  2 rats (D:1)
4 creatures vanquished.

Notes
Turn   | Place    | Note
-------+----------+-------------------------------------------
     0 | D:1      | PaiMei the Demonspawn Necromancer began the quest for the
                  | Orb.
     0 | D:1      | Reached XP level 1. HP: 13/13 MP: 3/3
   379 | D:1      | Frozen to death by an endoplasm

Illustrated notes

Levels and vault maps discovered:
D:1:      matt_arrival_los_fun, layout_basic, serial_forest,
          infiniplex_forest_straight_4, infiniplex_forest_fountain,
          infiniplex_forest_lined_2, infiniplex_forest_straight_4,
          infiniplex_forest_clump_double, infiniplex_forest_join,
          infiniplex_forest_straight_2, infiniplex_forest_clump_double,
          infiniplex_forest_lined_1

Action                     || total
---------------------------++-------
  Melee: Club              ||     5
         Unarmed           ||     1
   Cast: Necrotise         ||     8
 Armour: Robe              ||     1
  Dodge: Dodged            ||     4
